 Dungeon Crawl Stone Soup version 0.30-a0-743-gbfdf073431 (webtiles) character file.

Game seed: 16133172113405449980

223 theblackgale the Magician (level 6, -7/46 HPs)
             Began as a Djinni Cinder Acolyte on Feb 7, 2023.
             Was a Priest of Ignis.
             Splashed by a jelly's acid (9 damage)
             ... on level 4 of the Dungeon.
             The game lasted 00:16:33 (1606 turns).

theblackgale the Magician (Djinni Cinder Acolyte)   Turns: 1606, Time: 00:16:34

Health: -7/46      AC:  4    Str: 13    XL:     6   Next: 20%
Gold:   89         EV:  5    Int: 17    God:    Ignis [***...] SH:  0 Dex:  9

rFire   + + +      SeeInvis .    b - +2 dagger (speed)
rCold   x . .      Faith    .    (no shield)
rNeg    . . .      Spirit   .    i - +0 chain mail
rPois   ∞          Reflect  .    (no helmet)
rElec   .          Harm     .    (no cloak)
rCorr   .          Rampage  .    (no gloves)
Will    .....                    (boots unavailable) Stlth
                                 (no amulet)
HPRegen 0.27/turn                (no ring)
MPRegen 0.00/turn                (no ring)

@: corroded, flying, invisible
A: sickness immunity, fire resistance 2, cold vulnerability 1, float, innate
caster, HP casting, extra vitality 1
a: Renounce Religion, Fiery Armour, Foxfire Swarm


You were on level 4 of the Dungeon.
You worshipped Ignis.
Ignis was most pleased with you.
You visited 1 branch of the dungeon, and saw 4 of its levels.

You collected 89 gold pieces.

Inventory:

Hand Weapons
 b - a +2 dagger of speed (weapon)
Armour
 a - a +0 robe
 i - a +0 chain mail (worn)
Magical Staves
 d - a staff of conjuration
Scrolls
 e - a scroll of summoning {unknown}
 f - a scroll of torment
 h - 2 scrolls of poison
 j - a scroll of teleportation
Potions
 g - a potion of brilliance
 k - a potion of curing {unknown}


   Skills:
 + Level 3.5 Fighting
 + Level 0.1 Short Blades
 + Level 0.1 Staves
 + Level 1.2 Armour
 + Level 0.3 Dodging
 + Level 0.2 Stealth
 + Level 3.3 Unarmed Combat
 + Level 4.3 Spellcasting


You had 8 spell levels left.
You knew the following spells:

 Your Spells              Type           Power      Damage    Failure   Level
a - Scorch                Fire           36%        2d6       80%         2
b - Shock                 Conj/Air       72%        1d7       65%         1
c - Searing Ray           Conj           36%        2d5       80%         2
Your spell library was empty.

Dungeon Overview and Level Annotations

Branches:
Dungeon (4/15)
 Temple: D:4-7

Altars:
Elyvilon
Ru
Trog

Shops:
D:3 *


Innate Abilities, Weirdness & Mutations

You are immune to sickness and miasma.
You are immune to poison.
Your flesh is very heat resistant. (rF++)
You are vulnerable to cold. (rC-)
You float through the air rather than walking.
You learn spells naturally, not from books.
Your magical power is your life essence.
You have superior vitality. (+4 MHP)


Message History

Found a white marble altar of Elyvilon.
You now have 89 gold pieces (gained 9).
Found a brown potion.
There is a white marble altar of Elyvilon here.
You hover solemnly before the altar of Elyvilon.
Your fiery armour burns out.
Found a quarterstaff.
k - a brown potion
Found 10 gold pieces.
A jelly comes into view.
You see here 10 gold pieces.
The jelly hits you.
You are splashed with acid.
You hit the jelly but do no damage.
Your hands burn!
The jelly hits you.
You are splashed with acid.
You barely miss the jelly. You hit the jelly.
Your hands burn!
The jelly is lightly wounded.
The jelly hits you but does no damage.
You hit the jelly.
Your hands burn!
The jelly is moderately wounded.
You hit the jelly.
Your hands burn!
You punch the jelly.
The jelly is heavily wounded.
The jelly closely misses you. The jelly hits you but does no damage.
You barely miss the jelly.
The jelly is heavily wounded.
The jelly hits you.
You are splashed with acid!
* * * LOW HITPOINT WARNING * * *
You hit the jelly. The acid corrodes you!
Your hands burn!
* * * LOW HITPOINT WARNING * * *
The jelly is severely wounded.
You hit the jelly but do no damage.
Your hands burn!
* * * LOW HITPOINT WARNING * * *
The jelly is severely wounded.
The jelly hits you but does no damage.
You fade into invisibility!
The jelly hits you.
* * * LOW HITPOINT WARNING * * *
You are splashed with acid!
You die...

....................#
....................#
.......#............#
.......##.#.........#
........#####........
........####......#
###.........$.....###
##.#..##......J...#
###......#...@...#
#..##..###.#..##
#####.## #.#### ###
###


You could see a jelly.

Vanquished Creatures
  An ogre (D:4)
  An iguana (D:4)
  An orc wizard (D:4)
  2 adders
  2 worms (D:2)
  2 dart slugs
  3 orcs
  6 ball pythons
  2 bats
  2 endoplasms (D:3)
  3 giant cockroaches
  8 hobgoblins
  3 kobolds
  A quokka (D:3)
  6 frilled lizards
  6 goblins
  4 rats
53 creatures vanquished.

Vanquished Creatures (others)
  41 foxfires
41 creatures vanquished.

Grand Total: 94 creatures vanquished

Notes
Turn   | Place    | Note
-------+----------+-------------------------------------------
     0 | D:1      | theblackgale the Djinni Cinder Acolyte began the quest for
                  | the Orb.
     0 | D:1      | theblackgale set off with the following spells memorised:
                  | Scorch.
     0 | D:1      | Reached XP level 1. HP: 20/20 MP: 0/0
    81 | D:1      | Reached XP level 2. HP: 25/25 MP: 0/0
   294 | D:1      | Reached XP level 3. HP: 26/30 MP: 0/0
   294 | D:1      | Learned a level 1 spell: Shock
   321 | D:2      | Reached skill level 3 in Spellcasting
   381 | D:2      | Got the Verses on Chilled Wildfire
   618 | D:2      | Reached XP level 4. HP: 31/35 MP: 0/0
   712 | D:3      | Found a bloodstained altar of Trog.
  1082 | D:3      | Found Xuletixu's Assorted Antiques.
  1404 | D:4      | Found a sacrificial altar of Ru.
  1420 | D:4      | Reached XP level 5. HP: 36/40 MP: 0/0
  1420 | D:4      | Learned a level 2 spell: Searing Ray
  1478 | D:4      | Noticed an ogre
  1485 | D:4      | Killed an ogre
  1486 | D:4      | Reached skill level 1 in Armour
  1486 | D:4      | Reached skill level 4 in Spellcasting
  1486 | D:4      | Reached XP level 6. HP: 4/46 MP: 0/0
  1535 | D:4      | Found a white marble altar of Elyvilon.
  1605 | D:4      | HP: 2/46 [acid (4)]
  1606 | D:4      | Splashed by a jelly's acid

Illustrated notes

Levels and vault maps discovered:
D:1:      dpeg_arrival_circle_labyrinth_a, layout_basic, serial_forest,
          infiniplex_forest_lined_3, infiniplex_forest_clump_medium,
          infiniplex_forest_lined_4_way, infiniplex_forest_straight_5,
          hangedman_decor_push
D:2:      layout_loops_cross, shapermc_ecumenical_altar_petra
D:3:      cheibrodos_helix_gallery, layout_basic, trog_butcher_becter,
          serial_rivers, chequers_serial_rivers_micro_b,
          chequers_serial_rivers_room_a, chequers_serial_rivers_small_a,
          chequers_serial_rivers_marsh, chequers_serial_rivers_small_3,
          serial_shops, shop
D:4:      layout_cave_pools, nicolae_ru_great_annihilating_truth,
          eat_drink_and_be_merry_uskayaw, elyvilon_altar_4, roderic_batcave

Skill      XL: |  1  2  3  4  5 |
---------------+----------------+-----
Spellcasting   | 3 4 |  4.3
Armour         | 1 |  1.2
Fighting       | |  3.5
Short Blades   | |  0.1
Staves         | |  0.1
Dodging        | |  0.3
Stealth        | |  0.2
Unarmed Combat | |  3.3

Action                     |  1- 3 |  4- 6 || total
---------------------------+-------+-------++-------
  Melee: Unarmed           |     1 |       ||     1
         Dagger            |     2 |    35 ||    37
         Staff             |       |     3 ||     3
         Punch             |       |     1 ||     1
   Cast: Scorch            |    29 |    13 ||    42
 Invoke: Foxfire Swarm     |     2 |     1 ||     3
         Rising Flame      |     1 |       ||     1
         Fiery Armour      |       |     2 ||     2
    Use: Scroll            |     3 |     4 ||     7
         Potion            |       |     2 ||     2
   Stab: Paralysed         |       |     1 ||     1
 Armour: Robe              |     7 |     1 ||     8
         Chain mail        |       |    17 ||    17
  Dodge: Dodged            |    10 |    11 ||    21

Table legend: (Time is in decaauts)
 A = Elapsed time spent in this place.
 B = Non-inter-level travel time spent in this place.
 C = Inter-level travel time spent in this place.
 D = Time resting spent in this place.
 E = Time spent auto-exploring this place.
 F = Levels seen in this place.
 G = Mean time per level.
                   A        B        C        D        E       F      G
               +--------+--------+--------+--------+--------+-----+--------+
         Total |   1590 |    499 |   1091 |    253 |      0 |   4 |  397.5 |
       Dungeon |   1590 |    499 |   1091 |    253 |      0 |   4 |  397.5 |
               +--------+--------+--------+--------+--------+-----+--------+

Top non-repeatable levels by time:
     D:3: 715 daAuts
     D:2: 335 daAuts
     D:1: 314 daAuts
     D:4: 225 daAuts
